Map: Waterfall

Players

MeomaikA

  • Race: Zerg Zerg
  • Spawn Location: 7:00

Bunny - Winner!

  • Race: Terran Terran
  • Spawn Location: 1:00

Event: DreamHack SC2 Masters 2022 Atlanta (Offline)

VOD

Have the link to the VOD?

Description

Time

  • Played on: Nov. 18, 2022, 8:11 p.m.
  • Length: 6:15

All games in this series

Show
View Real Time Build Order
Export as new Build Order

MeomaikA Zerg 

Build Orders: Pool First 

Get SALT Encoding   

  12  0:17  Spawning Pool  
  11  0:21  Drone  
  11  0:27  Drone  
  13  0:30  Drone  
  14  0:40  Overlord  
  14  1:04  Zergling x4, Queen  
  14  1:05  Zergling x2  
  19  1:15  Zergling x2  
  20  1:30  Hatchery  
  19  1:33  Drone  
  19  1:38  Drone  
  21  1:47  Overlord  
  21  1:50  Extractor  
  20  1:58  Drone  
  21  2:05  Queen  
  23  2:10  Drone  
  23  2:11  Drone  
  23  2:14  Drone  
  26  2:20  Drone  
  27  2:23  Drone  
  28  2:33  Drone  
  29  2:42  Drone  
  29  2:43  Drone  
  29  2:44  Overlord  
  31  2:45  Drone  
  31  2:47  Drone  
  33  2:53  Drone  
  33  2:58  Metabolic Boost  
  34  2:59  Drone  
  34  3:04  Overlord  
  35  3:07  Drone  
  36  3:14  Overlord  
  36  3:16  Drone  
  36  3:23  Zergling x6  
  36  3:25  Zergling x2  
  36  3:26  Zergling x2  
  38  3:28  Drone  
  38  3:30  Drone  
  38  3:32  Drone  
  41  3:47  Hatchery  
  40  3:50  Drone x2  
  41  3:57  Drone x3  
  41  3:58  Overlord  
  43  4:02  Overlord  
  43  4:09  Baneling Nest  
  42  4:10  Zergling x2  
  42  4:11  Overlord  
  43  4:17  Zergling x6  
  43  4:19  Zergling x2  
  43  4:21  Zergling x2  
  48  4:29  Queen  
  48  4:30  Zergling x2  
  51  4:32  Zergling x6  
  51  4:34  Zergling x2  
  51  4:37  Zergling x4  
  57  4:39  Zergling x2  
  57  4:45  Zergling x4  
  53  4:55  Zergling x4  
  50  5:00  Zergling x4  
  50  5:01  Zergling x2  
  50  5:04  Zergling x2  
  50  5:05  Zergling x2  
  51  5:07  Zergling x6  
  49  5:15  Zergling x2  
  49  5:17  Zergling x2  
  49  5:18  Zergling x4  
  49  5:20  Zergling x2  
  54  5:24  Baneling x10  
  54  5:26  Zergling x2  
  52  5:28  Zergling x2  
  52  5:31  Zergling x2  
  52  5:38  Zergling x2  
  52  5:39  Zergling x2  
  52  5:42  Zergling x2  
  52  5:44  Zergling x4  
  52  5:47  Zergling x2  
  52  5:49  Zergling x2  
  52  5:53  Zergling x2  
  52  5:54  Zergling x2  
Show
View Real Time Build Order
Export as new Build Order

Bunny Terran - Winner!

Build Orders:  

Get SALT Encoding   

  12  0:00  SCV  
  13  0:12  SCV  
  14  0:17  Supply Depot  
  14  0:24  SCV  
  15  0:38  SCV  
  15  0:39  Barracks  
  16  0:43  Refinery  
  16  0:50  SCV  
  17  1:02  SCV  
  18  1:15  SCV  
  19  1:26  Barracks Reactor  
  19  1:27  Orbital Command  
  19  1:38  Command Center  
  19  1:49  Supply Depot  
  19  1:52  SCV  
  20  1:55  Marine  
  20  2:02  Command Center  
  20  2:04  SCV  
  20  2:08  Factory  
  21  2:13  Marine  
  22  2:16  SCV  
  22  2:18  Refinery  
  23  2:28  SCV  
  24  2:31  Marine  
  24  2:36  Bunker  
  25  2:40  SCV  
  27  2:51  Hellion  
  27  2:52  SCV, Marine  
  27  2:56  Starport  
  29  3:04  SCV  
  30  3:13  Marine  
  30  3:14  Hellion  
  32  3:23  SCV  
  33  3:33  Medivac  
  35  3:35  Hellion  
  35  3:36  Barracks Reactor, Orbital Command  
  35  3:41  SCV  
  38  3:46  Supply Depot  
  38  3:53  SCV  
  41  4:04  SCV  
  41  4:05  SCV  
  41  4:06  Liberator  
  44  4:15  Hellion x2  
  44  4:16  Supply Depot, SCV  
  49  4:17  SCV  
  49  4:18  Barracks Tech Lab  
  50  4:28  SCV  
  50  4:29  SCV  
  52  4:34  Command Center  
  52  4:37  Marine  
  53  4:44  Hellion  
  53  4:45  Hellion  
  56  4:48  SCV x2  
  58  4:57  Marine  
  58  5:00  SCV x2  
  58  5:05  Hellion  
  60  5:13  Hellion  
  54  5:15  SCV x2  
  56  5:24  Supply Depot  
  56  5:25  Supply Depot x2  
  56  5:26  Marine  
  56  5:27  Hellion  
  59  5:34  Hellion  
  61  5:43  SCV  
  61  5:45  SCV, Marine  
  61  5:48  Orbital Command  
  64  5:53  Hellion  
Tags
 
Add a new tag
Caveats
  • Supply blocks, unpowered buildings, or Contaminate may cause inaccurate times.
  • Supply counts are checked every 10 seconds.